 Dungeon Crawl Stone Soup version 0.28.0-43-g3370ac3207 (webtiles) character file.

Game seed: 8988600219398564327

1390 issech the Cudgeller (level 8, -3/78 HPs)
             Began as a Troll Monk on Mar 23, 2022.
             Killed from afar by a steam dragon (23 damage)
             ... with a ball of steam
             ... on level 4 of the Dungeon.
             The game lasted 00:20:31 (4102 turns).

issech the Cudgeller (Troll Monk)                   Turns: 4102, Time: 00:20:32

Health: -3/78      AC:  4    Str: 20    XL:     8   Next: 40%
Magic:  7/7        EV:  5    Int:  6    God:
Gold:   175        SH: 27    Dex: 14    Spells: 7/7 levels left

rFire   . . .      SeeInvis .   a - +0 mace
rCold   + . .      Faith    .   l - +18 shield of the Gong {rElec rN+ Will+ EV-5}
rNeg    + . .      Spirit   .   b - +0 robe
rPois   .          Reflect  .   (helmet restricted)
rElec   +          Harm     .   (no cloak)
rCorr   .          Rampage  .   (gloves unavailable)
Will    +....                   (boots unavailable)
Stlth   ++........              (no amulet)
HPRegen 1.03/turn               t - ring of protection from cold
MPRegen 0.10/turn               (no ring)

@: no status effects
A: large, unfitting armour, claws 3, regeneration 1, shaggy fur 1, tough skin 1
a: no special abilities


You were on level 4 of the Dungeon.
You visited 1 branch of the dungeon, and saw 5 of its levels.

You collected 175 gold pieces.

Inventory:

Hand Weapons
 a - a +0 mace (weapon)
 z - a +2 short sword of venom
 D - a +0 giant spiked club
 E - a +3 dagger of protection
 F - a +0 short sword of electrocution
 H - a +0 giant club
Missiles
 e - 16 bolts
 g - 74 sling bullets
 h - 47 stones (quivered)
 j - 18 arrows
 u - 3 poisoned darts
 A - a boomerang
 G - a throwing net
Armour
 b - a +0 robe (worn)
 l - the +18 shield of the Gong (worn) {rElec rN+ Will+ EV-5}
   (You found it on level 2 of the Dungeon)

   It is deafeningly noisy when blocking attacks.
   EV:        It affects your evasion (-5).
   rElec:     It insulates you from electricity.
   rN:        It protects you from negative energy.
   Will:      It increases your willpower.
Jewellery
 t - a ring of protection from cold (left claw)
 w - a ring of flight
Scrolls
 c - a scroll of immolation
 i - a scroll of enchant weapon
 k - a scroll of teleportation
 m - a scroll of enchant armour
 n - 2 scrolls of fog
 q - a scroll of noise {unknown}
 x - a scroll of amnesia {unknown}
 y - 2 scrolls of identify
Potions
 d - a potion of resistance {unknown}
 f - 2 potions of invisibility {unknown}
 o - a potion of brilliance {unknown}
 p - a potion of mutation {unknown}
 r - a potion of heal wounds {unknown}
 s - 3 potions of haste
 v - a potion of flight {unknown}
 B - 2 potions of curing {unknown}
 C - a potion of might {unknown}


   Skills:
 + Level 3.9 Fighting
 + Level 5.4 Maces & Flails
 + Level 5.0 Dodging
 + Level 1.2 Stealth
 + Level 4.9 Shields


You had 7 spell levels left.
You didn't know any spells.
Your spell library contained the following spells:

 Spells                   Type           Power      Damage    Failure   Level
 Beastly Appendage        Tmut           0%         N/A       73%         1
 Wereblood                Tmut           0%         N/A       86%         2
 Spider Form              Tmut/Pois      0%         N/A       97%         3


Dungeon Overview and Level Annotations

Branches:
Dungeon (5/15)             Temple (0/1) D:4

Altars:
Elyvilon
Kikubaaqudgha
Ru
Yredelemnul
The Shining One


Innate Abilities, Weirdness & Mutations

You are too large for most types of armour.
You have claws for hands.
Your natural rate of healing is unusually fast.
You are covered in fur. (AC +1)
You have tough skin. (AC +1)


Message History

SHROANNG!
You block the steam dragon's attack.
GONNNNG!
The steam dragon claws you.
You hit the steam dragon but do no damage.
The steam dragon is almost dead.
You block the steam dragon's attack.
GONNNNG!
The steam dragon claws you.
You barely miss the steam dragon.
The steam dragon is almost dead.
The steam dragon breathes steam at you. The ball of steam hits you!!
Unknown command.
You hit the steam dragon but do no damage.
The steam dragon is almost dead.
You are engulfed in a cloud of scalding steam.
* * * LOW HITPOINT WARNING * * *
You block the steam dragon's attack.
PANG!
You block the steam dragon's attack.
GONNNNG!
The steam dragon bites you but does no damage.
The steam dragon claws you.
* * * LOW HITPOINT WARNING * * *
You hit the steam dragon but do no damage.
The steam dragon is severely wounded.
You are engulfed in a cloud of scalding steam.
* * * LOW HITPOINT WARNING * * *
You block the steam dragon's attack.
GONNNNG!
You block the steam dragon's attack.
SHROANNG!
Really walk into that cloud of steam? [Y]es or [N]o only, please.
Really walk into that cloud of steam?
Okay, then.
The steam dragon breathes steam at you. The ball of steam hits you!!
You die...

.....<.#....##...########...#
.......#....#....#[.........#
.......#....#....#..........#
#......##...##...#.....######
#......##...##...#.....##...#
÷............)...#..........#
............##>[.##.........#
#÷..........##[).########...#
#...........#.§§@##....##...#
............#§..D#.....##...#
...........D#..§§#.....##...#
#..........§##...#####'##...#
#.........§§##...###...##...#
...........§................#
............................#
#############################


You could see a steam dragon (catching breath).

Vanquished Creatures
  A black bear (D:4)
  A sky beast (D:4)
  3 ogres
  A phantom (D:4)
  A gnoll sergeant (D:4)
  A scorpion (D:4)
  3 vampire bats (D:3)
  2 centaur zombies
  A jelly (D:4)
  A hound (D:4)
  3 orc priests (D:4)
  A gnoll shaman (D:5)
  A centaur skeleton (D:4)
  2 iguanas (D:4)
  3 orc wizards
  A hound skeleton (D:4)
  6 gnolls
  3 adders
  A shadow imp (D:4)
  3 adder skeletons
  5 worms
  4 dart slugs
  10 orcs
  3 bats
  4 bat skeletons (D:3)
  3 bat zombies (D:3)
  6 endoplasms
  4 giant cockroaches
  12 goblins
  6 hobgoblins
  8 jackals
  2 quokkas
  2 ball pythons
  2 frilled lizards
  8 kobolds
  4 rats
122 creatures vanquished.

Notes
Turn   | Place    | Note
-------+----------+-------------------------------------------
     0 | D:1      | issech the Troll Monk began the quest for the Orb.
     0 | D:1      | Reached XP level 1. HP: 22/22 MP: 0/0
   197 | D:1      | Reached XP level 2. HP: 29/29 MP: 1/1
   702 | D:2      | Found a faded altar of an unknown god.
   767 | D:2      | Reached XP level 3. HP: 36/36 MP: 2/2
   972 | D:2      | Found a basalt altar of Yredelemnul.
  1056 | D:2      | Found the +18 shield of the Gong {rElec rN+ Will+ EV-5}
  1309 | D:2      | Identified the +1 scale mail of the Distant Future {Str+2}
  1649 | D:2      | Reached XP level 4. HP: 44/44 MP: 3/3
  1872 | D:3      | Reached skill level 1 in Shields
  2074 | D:3      | Reached XP level 5. HP: 53/53 MP: 4/4
  2100 | D:3      | Found an ancient bone altar of Kikubaaqudgha.
  2229 | D:3      | Found a white marble altar of Elyvilon.
  2352 | D:4      | Reached XP level 6. HP: 61/61 MP: 5/5
  2440 | D:4      | Found a staircase to the Ecumenical Temple.
  2747 | D:4      | Reached XP level 7. HP: 24/67 MP: 6/6
  2898 | D:4      | Found a sacrificial altar of Ru.
  2947 | D:4      | Found a glowing golden altar of the Shining One.
  3420 | D:5      | Entered Level 5 of the Dungeon
  3447 | D:4      | Reached skill level 5 in Maces & Flails
  3581 | D:4      | Reached XP level 8. HP: 65/78 MP: 7/7
  3895 | D:4      | Reached skill level 5 in Dodging
  4102 | D:4      | Killed from afar by a steam dragon

Illustrated notes

Levels and vault maps discovered:
D:1:      dpeg_arrival_pits, layout_rooms
D:2:      layout_basic, chequers_ecumenical_altar_island, basic_altar
D:3:      layout_rooms, kennysheep_vampire_church, lemuel_coloured_pillars_altar
D:4:      layout_gridville, mainiacjoe_overflow_alcove_2, marbit_many_paths,
          minmay_temple_entry_from_below_a, minmay_goblin_kobold_house
D:5:      layout_loops_ring

Skill      XL: |  1  2  3  4  5  6  7  8 |
---------------+-------------------------+-----
Maces & Flails | 3 4 5 |  5.4
Fighting       | 3 |  3.9
Dodging        | 3 4 5 |  5.0
Shields        | 1 2 4 |  4.9
Stealth        | |  1.2

Action                   |  1- 3 |  4- 6 |  7- 9 || total
-------------------------+-------+-------+-------++-------
Melee: Mace              |   169 |   209 |   257 ||   635
       Punch             |     2 |       |       ||     2
  Use: Scroll            |       |     5 |       ||     5
 Stab: Sleeping          |     2 |       |     1 ||     3
Armor: Robe              |    51 |    74 |    32 ||   157
Dodge: Dodged            |    92 |    32 |    29 ||   153
Block: Kite shield       |    41 |   340 |   375 ||   756
